 Dungeon Crawl Stone Soup version 0.29.1-15-g9cfb28693d (webtiles) character file.

Game seed: 9208272038374933212

81 javelincjr the Magician (level 4, 0/32 HPs)
             Began as a Demonspawn Hedge Wizard on Apr 25, 2023.
             Slain by Sigmund
             ... wielding a +0 scythe
              (4 damage)
             ... on level 2 of the Dungeon.
             The game lasted 00:07:41 (2883 turns).

javelincjr the Magician (Demonspawn Hedge Wizard)   Turns: 2883, Time: 00:07:41

Health: 0/32       AC:  4    Str: 12    XL:     4   Next: 20%
Magic:  2/9        EV: 12    Int: 16    God:
Gold:   102        SH:  0    Dex: 12    Spells: 6/9 levels left

rFire   . . .      SeeInvis .   a - +0 dagger
rCold   . . .      Faith    .   (no shield)
rNeg    . . .      Spirit   .   b - +0 robe
rPois   .          Reflect  .   c - +0 hat
rElec   .          Harm     .   (no cloak)
rCorr   .          Rampage  .   (no gloves)
Will    .....                   (no boots)
Stlth   ++........              (no amulet)
HPRegen 0.10/turn               (no ring)
MPRegen 0.11/turn               (no ring)

@: very slightly contaminated
A: molten scales 1, powered by pain 1, weakness stinger 1
a: no special abilities


You were on level 2 of the Dungeon.
You visited 1 branch of the dungeon, and saw 2 of its levels.

You collected 102 gold pieces.

Inventory:

Hand Weapons
 a - a +0 dagger (weapon)
Armour
 b - a +0 robe (worn)
 c - a +0 hat (worn)
Scrolls
 e - a scroll of enchant armour {unknown}
 f - 2 scrolls of enchant weapon {unknown}
 h - a scroll of acquirement {unknown}
 l - a scroll of teleportation {unknown}
 n - a scroll of noise {unknown}
 o - a scroll of identify {unknown}
Potions
 d - a potion of magic
 g - a potion of lignification {unknown}
 i - a potion of haste {unknown}
 j - a potion of might {unknown}
 k - a potion of heal wounds
 m - a potion of berserk rage {unknown}


   Skills:
 * Level 1.6 Fighting
 + Level 0.8 Armour
 + Level 2.1 Dodging
 - Level 1.7 Stealth
 * Level 3.4 Spellcasting
 + Level 1.6 Conjurations
 + Level 1.4 Summonings
 + Level 1.3 Translocations


You had 6 spell levels left.
You knew the following spells:

 Your Spells              Type           Power      Damage    Failure   Level
a - Magic Dart            Conj           32%        1d4       9%          1
b - Call Imp              Summ           7%         N/A       14%         2

Your spell library contained the following spells:

 Spells                   Type           Power      Damage    Failure   Level
 Blink                    Tloc           12%        N/A       16%         2
 Slow                     Hex            8%         N/A       19%         1
 Conjure Flame            Conj/Fire      5%         6-21      36%         3
 Mephitic Cloud           Conj/Pois/Air  4%         N/A       41%         3
 Confusing Touch          Hex            2%         N/A       47%         3
 Vampiric Draining        Necr           2%         2d6       47%         3


Dungeon Overview and Level Annotations

Branches:
Dungeon (2/15)

Altars:

Annotations:
D:2 Sigmund


Innate Abilities, Weirdness & Mutations

You are partially covered in molten scales. (AC +2)
You sometimes gain a little power by taking damage.
You have a small tail.


Message History

Casting: Magic Dart (safe; 9% risk of failure)
Confirm with . or Enter, or press ? or * to list all spells.
Aiming: Magic Dart (safe; 9% risk of failure)
Press: ? - help, Shift-Dir - straight line, f/p - Sigmund
Aim: Sigmund, wielding a +0 scythe, wearing a +0 robe and carrying a wand of quicksilver (6) (heavily wounded, ally target, 100% to hit)
The magic dart hits Sigmund but does no damage.
Sigmund is heavily wounded.
Sigmund casts a spell at you. The magic dart hits you.
Your crimson imp hits Sigmund.
Casting: Magic Dart (safe; 9% risk of failure)
Confirm with . or Enter, or press ? or * to list all spells.
Aiming: Magic Dart (safe; 9% risk of failure)
Press: ? - help, Shift-Dir - straight line, f/p - Sigmund
Aim: Sigmund, wielding a +0 scythe, wearing a +0 robe and carrying a wand of quicksilver (6) (heavily wounded, ally target, 100% to hit)
The magic dart hits Sigmund.
Sigmund is heavily wounded.
Sigmund casts a spell at you. You resist with some effort.
Your crimson imp hits Sigmund but does no damage.
Casting: Magic Dart (safe; 9% risk of failure)
Confirm with . or Enter, or press ? or * to list all spells.
Aiming: Magic Dart (safe; 9% risk of failure)
Press: ? - help, Shift-Dir - straight line, f/p - Sigmund
Aim: Sigmund, wielding a +0 scythe, wearing a +0 robe and carrying a wand of quicksilver (6) (heavily wounded, ally target, 100% to hit)
The magic dart hits Sigmund but does no damage.
Sigmund is heavily wounded.
Sigmund drinks a potion.
Sigmund is healed!
Your crimson imp hits Sigmund.
Casting: Magic Dart (safe; 9% risk of failure)
Confirm with . or Enter, or press ? or * to list all spells.
Aiming: Magic Dart (safe; 9% risk of failure)
Press: ? - help, Shift-Dir - straight line, f/p - Sigmund
Aim: Sigmund, wielding a +0 scythe, wearing a +0 robe and carrying a wand of quicksilver (6) (lightly wounded, ally target, 100% to hit)
You miscast Magic Dart.
You are very lightly contaminated with residual magic.
Nothing appears to happen.
Sigmund hits you with a +0 scythe!
* * * LOW HITPOINT WARNING * * *
Your crimson imp hits Sigmund.
Found a stone staircase leading down.
Sigmund hits you from afar with a +0 scythe.
You die...

# #.## #.#.#.
#########.#.#.#.### #
............S^.>#.#.#
#########) .._^.#.#.#
^..#... #.#.#.######
#...@.@....#
###.#5#......
######### #.#.# #....
).......# #.###.#.#
.#. .##..##.#
#.......# #..#
.#....[.# #####.###
#..# .).##...# #.#
#h.# ##.#(...# #.#
#..# #.##....# #.#
#..# ##


You could see Sigmund (ally target), a ball python and a friendly crimson imp
(summoned).

Vanquished Creatures
  3 adders (D:2)
  A worm (D:2)
  A bat (D:1)
  4 endoplasms
  4 hobgoblins
  2 jackals (D:2)
  4 quokkas
  6 ball pythons
  4 frilled lizards
  3 goblins
  4 kobolds
  3 rats
39 creatures vanquished.

Vanquished Creatures (collateral kills)
  An adder (D:2)
  A jackal (D:2)
  A kobold (D:2)
3 creatures vanquished.

Grand Total: 42 creatures vanquished

Notes
Turn   | Place    | Note
-------+----------+-------------------------------------------
     0 | D:1      | javelincjr the Demonspawn Hedge Wizard began the quest for
                  | the Orb.
     0 | D:1      | Reached XP level 1. HP: 13/13 MP: 4/4
   179 | D:1      | Reached skill level 1 in Translocations
   281 | D:1      | Gained mutation: You have a small tail. [demonic ancestry]
   281 | D:1      | Reached XP level 2. HP: 20/20 MP: 3/6
   725 | D:2      | Noticed Sigmund
  1394 | D:2      | Reached skill level 1 in Fighting
  1550 | D:2      | Gained mutation: You sometimes gain a little power by
                  | taking damage. [demonic ancestry]
  1550 | D:2      | Reached XP level 3. HP: 26/26 MP: 1/7
  1779 | D:2      | Learned a level 2 spell: Call Imp
  2448 | D:2      | Gained mutation: You are partially covered in molten
                  | scales. (AC +2) [demonic ancestry]
  2448 | D:2      | Reached XP level 4. HP: 26/32 MP: 3/9
  2870 | D:2      | Found a faded altar of an unknown god.
  2883 | D:2      | Slain by Sigmund

Illustrated notes

Levels and vault maps discovered:
D:1:      erik_arrival_blinker_ship, layout_rooms
D:2:      layout_basic, basic_altar, ebering_ecumenical_altar_webs,
          minmay_pentomino_z2, uniq_sigmund

Skill      XL: |  1  2 |
---------------+-------+-----
Translocations | 1 |  1.3
Fighting       | 1 |  1.6
Dodging        | 2 |  2.1
Armour         | |  0.8
Stealth        | |  1.7
Spellcasting   | |  3.4
Conjurations   | |  1.6
Summonings     | |  1.4

Action                   |  1- 3 |  4- 6 || total
-------------------------+-------+-------++-------
Melee: Dagger            |    38 |     6 ||    44
       Tailslap          |     6 |       ||     6
       Punch             |       |     1 ||     1
 Cast: Magic Dart        |    81 |    14 ||    95
       Call Imp          |     4 |     2 ||     6
Armor: Robe              |     4 |     2 ||     6
Dodge: Dodged            |    26 |     3 ||    29
